 Dungeon Crawl Stone Soup version 0.17-a0-1954-g0dddeaa (webtiles) character file.

1292 kae the Carver (level 8, -2/64 HPs)
             Began as a Minotaur Fighter on Oct 3, 2015.
             Slain by an orc warrior
             ... wielding a +0 glaive
              (9 damage)
             ... on level 6 of the Dungeon.
             The game lasted 00:05:22 (4977 turns).

kae the Carver (Minotaur Fighter)                   Turns: 4977, Time: 00:05:22

Health: -2/64      AC: 10    Str: 20    XL:     8   Next: 30%
Magic:  7/7        EV: 10    Int:  7    God:
Gold:   277        SH:  0    Dex: 11    Spells: 0 memorised, 7 levels left

rFire  . . .     SeeInvis .     b - +0 great sword
rCold  . . .     Clarity  .     r - +4 ring mail
rNeg   . . .     SustAt   .     (no shield)
rPois  +         Gourm    .     (helmet restricted)
rElec  .         Spirit   .     k - +0 cloak
rCorr  .         Warding  .     (no gloves)
rMut   .         Stasis   .     (no boots)
MR     .....                    (no amulet)
Stlth  +.........               y - ring of poison resistance
                                h - +3 ring of slaying

@: not resistant to hostile enchantments, very unstealthy
A: retaliatory headbutt, horns 2
a: no special abilities


You were on level 6 of the Dungeon.
You were not hungry.

You visited 1 branch of the dungeon, and saw 6 of its levels.

You collected 277 gold pieces.

Inventory:

Hand weapons
 a - a +0 long sword
 b - a +0 great sword (weapon)
Armour
 c - a +0 shield
 k - a +0 cloak (worn)
 r - a +4 ring mail (worn)
Jewellery
 h - a +3 ring of slaying (left hand)
 j - an uncursed ring of teleportation
 l - an uncursed ring of sustain attributes
 t - an uncursed ring of poison resistance
 y - a ring of poison resistance (right hand)
Magical devices
 v - a wand of confusion (19)
Scrolls
 n - 6 scrolls of remove curse
 p - 2 scrolls of teleportation
 z - a scroll of identify
Potions
 m - a potion of magic {unknown}
 o - 2 potions of mutation
 q - a potion of ambrosia
 s - a potion of degeneration {unknown}
 u - a potion of brilliance {unknown}
Books
 d - a book of Flames

   Spells                             Type                      Level
   a - Flame Tongue                   Conjuration/Fire             1
   b - Throw Flame                    Conjuration/Fire             2
   c - Conjure Flame                  Conjuration/Fire             3
   d - Inner Flame                    Hexes/Fire                   3
   e - Sticky Flame                   Conjuration/Fire             4
   f - Fireball                       Conjuration/Fire             5
 w - a book of Air

   Spells                             Type                      Level
   a - Shock                          Conjuration/Air              1
   b - Swiftness                      Charms/Air                   2
   c - Repel Missiles                 Charms/Air                   2
   d - Static Discharge               Conjuration/Air              3
   e - Lightning Bolt                 Conjuration/Air              5
Comestibles
 e - 5 bread rations
 f - 2 meat rations
 i - 10 fruits
 x - 2 chunks of flesh
 A - a beef jerky


   Skills:
 - Level 3.6 Fighting
 + Level 12.0 Long Blades
 - Level 3.6 Armour
 - Level 3.6 Shields


You had 7 spell levels left.
You didn't know any spells.

Dungeon Overview and Level Annotations

Branches:
Dungeon (6/15)
 Temple: D:4-7

Altars:
Fedhas
Gozag
Nemelex Xobeh
Trog
Xom

Shops:
D:5 }


Innate Abilities, Weirdness & Mutations

You reflexively headbutt those who attack you in melee.
You have a pair of horns on your head.


Message History

You feel better.
Drink which item? (? for menu, Esc to quit)
You feel better. The orc warrior closely misses you. You furiously retaliate!
You headbutt the orc warrior.
You hit the orc warrior but do no damage.
You headbutt the orc warrior.
The orc warrior is moderately wounded.
The orc warrior hits you with a glaive!
* * * LOW HITPOINT WARNING * * *
You closely miss the orc warrior.
The orc warrior is moderately wounded.
The orc warrior hits you with a glaive!
* * * LOW HITPOINT WARNING * * *
You hit the orc warrior but do no damage.
You headbutt the orc warrior, but do no damage.
The orc warrior is moderately wounded.
You completely miss the orc warrior.
The orc warrior is moderately wounded.
The orc warrior hits you with a glaive!
You die...

#.####.# #.# #.# #.#
#......# #.# #.# #.#
#####..#####.# #.#
#.#
#.)......####.####.#
#.#####............#
#.# #.#####.######
#.# #)# #.# #.#
#.#####.# #.#
#..@oo#.# #.#
#####o#.. #### ..
#.# #.# #. #.# #.
#.. #. #.. #. ##.


You could see an orc warrior and 2 orcs.

Vanquished Creatures
  2 ogres
  A centaur (D:5)
  2 giant frogs (D:6)
  A scorpion (D:4)
  A giant frog zombie (D:5)
  2 jellies
  2 hounds
  3 orc priests
  4 orc wizards
  4 worker ants
  Natasha (thrice) (D:2)
  2 iguanas
  A hound skeleton (D:6)
  4 adders
  16 gnolls
  2 oozes (D:2)
  4 worms
  5 giant geckos
  11 orcs
  A ball python (D:5)
  2 giant cockroaches
  8 goblins
  6 hobgoblins
  11 jackals
  3 quokkas
  10 bats
  A giant gecko skeleton (D:5)
  3 giant newts
  A jackal skeleton (D:4)
  2 kobolds
  A quokka skeleton (D:4)
  9 rats
128 creatures vanquished.

Notes
Turn   | Place    | Note
--------------------------------------------------------------
     0 | D:1      | kae the Minotaur Fighter began the quest for the Orb.
     0 | D:1      | Reached XP level 1. HP: 19/19 MP: 0/0
   230 | D:1      | Reached XP level 2. HP: 12/26 MP: 1/1
   684 | D:2      | Reached skill level 4 in Long Blades
   686 | D:2      | Found a blossoming altar of Fedhas.
   742 | D:2      | Noticed Natasha
   745 | D:2      | Killed Natasha
   745 | D:2      | Reached XP level 3. HP: 27/31 MP: 2/2
   790 | D:2      | Found a shimmering altar of Xom.
   812 | D:2      | Reached skill level 5 in Long Blades
   860 | D:2      | Noticed Natasha
   866 | D:2      | Killed Natasha
   866 | D:2      | Reached XP level 4. HP: 30/39 MP: 3/3
  1081 | D:2      | Found a sparkling altar of Nemelex Xobeh.
  1288 | D:2      | Reached skill level 6 in Long Blades
  1312 | D:2      | Noticed Natasha
  1316 | D:2      | Killed Natasha
  1785 | D:3      | Reached XP level 5. HP: 43/45 MP: 4/4
  2094 | D:3      | Reached skill level 7 in Long Blades
  2623 | D:4      | Reached XP level 6. HP: 43/51 MP: 5/5
  2653 | D:4      | Reached skill level 8 in Long Blades
  3567 | D:5      | Entered Level 5 of the Dungeon
  3716 | D:5      | Reached skill level 9 in Long Blades
  3716 | D:5      | Reached XP level 7. HP: 51/57 MP: 6/6
  3956 | D:5      | Found Giowkof's Gadget Shop.
  3961 | D:5      | Reached skill level 10 in Long Blades
  4079 | D:5      | Found a bloodstained altar of Trog.
  4515 | D:6      | Reached skill level 11 in Long Blades
  4528 | D:6      | Found an opulent altar of Gozag.
  4567 | D:6      | Reached XP level 8. HP: 64/64 MP: 7/7
  4968 | D:6      | Reached skill level 12 in Long Blades
  4977 | D:6      | Slain by an orc warrior

Vault maps used:
D:1:      dpeg_arrival_shrine
D:2:      nicolae_overflow_crystal_walls, xom_teletrap_fun,
          nemelex_dance_club_becter, uniq_natasha
D:3:      first_bread
D:4:      kennysheep_another_room
D:5:      lemuel_doored_altar, serial_shops, shop, fountainhead,
          lemuel_another_geyser
D:6:      grunt_gozag_statues

Action                   |  1- 3 |  4- 6 |  7- 9 || total
-------------------------+-------+-------+-------++-------
Melee: Long sword        |    70 |   147 |    30 ||   247
       Great sword       |       |       |    47 ||    47
  Use: Scroll            |     3 |     5 |     3 ||    11
       Potion            |       |     1 |     3 ||     4
  Eat: Chunk             |       |     7 |     6 ||    13
